[Event "46th GRE-chT Premier 2018"]
[Site "Rio Achaia"]
[Date "2018.07.11"]
[Round "2"]
[White "Papakonstantinou, Dimitrios"]
[Black "Sidiropoulos, Vasilis"]
[Result "1-0"]
[ECO "A08"]
[WhiteElo "2336"]
[BlackElo "1310"]
[Annotator "NA"]
[PlyCount "61"]
[EventDate "2018.07.10"]
[EventType "team-tourn"]
[EventCountry "GRE"]
[SourceTitle "playchess.com"]
[Source "ChessBase"]
[SourceQuality "1"]
[TimeControl "40/5400+30:1800+30"]

1. Nf3 d5 2. g3 c5 3. Bg2 Nc6 4. O-O e6 5. c4 Nf6 6. b3 Bd6 7. Bb2 Qc7 8. e3 b6 9. cxd5 exd5 10. d4 Ba6 11. Re1 Nb4 12. Bf1 Bxf1 13. Rxf1 cxd4 14. Nxd4 Be5 15. Na3 Qe7 16. Nf5 Qc7 17. Nb5 Qb8 18. Ba3 a5 19. Rc1 Ne4 20. Bxb4 axb4 21. Qxd5 Nc3 22. Nxc3 bxc3 23. f4 Bf6 24. Nd6+ Kd8 25. Nxf7+ Ke7 26. Nxh8 Qxh8 27. Qb7+ Ke6 28. f5+ Kd6 29. Rfd1+ Kc5 30. Qc7+ Kb5 31. Qc4+ 1-0

[Event "46th GRE-chT Premier 2018"]
[Site "Rio Achaia"]
[Date "2018.07.11"]
[Round "2"]
[White "Naoum, Spyridon"]
[Black "Grigoriadis, Mihail"]
[Result "0-1"]
[ECO "E97"]
[WhiteElo "2335"]
[BlackElo "2236"]
[Annotator "NA"]
[PlyCount "120"]
[EventDate "2018.07.10"]
[EventType "team-tourn"]
[EventCountry "GRE"]
[SourceTitle "playchess.com"]
[Source "ChessBase"]
[SourceQuality "1"]
[TimeControl "40/5400+30:1800+30"]

1. d4 Nf6 2. c4 g6 3. Nc3 Bg7 4. e4 d6 5. Be2 O-O 6. Nf3 e5 7. O-O Nc6 8. d5 Ne7 9. b4 Ne8 10. Ba3 h6 11. Rc1 f5 12. Nd2 h5 13. c5 Bh6 14. b5 b6 15. cxd6 cxd6 16. Rc2 Bxd2 17. Qxd2 f4 18. Nd1 Bd7 19. f3 g5 20. Nf2 Rf7 21. Rd1 Rg7 22. Rc6 Nxc6 23. dxc6 Be6 24. Bxd6 Nxd6 25. Qxd6 Qxd6 26. Rxd6 Kf7 27. Rd5 Ke7 28. Bc4 Bxd5 29. exd5 g4 30. Ne4 Rg6 31. Kf2 Rd8 32. a4 Rdd6 33. Ke2 Rg7 34. Kd3 gxf3 35. gxf3 Rgg6 36. Nc3 Rdf6 37. Ne4 Rf8 38. Bb3 Rd8 39. Nd2 Rg2 40. Ne4 Rg6 41. a5 Rg2 42. axb6 axb6 43. c7 Rc8 44. d6+ Kd7 45. Bd5 Rxc7 46. dxc7 Rxh2 47. Nf6+ Kxc7 48. Ke4 Kd6 49. Bc6 h4 50. Kf5 Rg2 51. Ne4+ Ke7 52. Nf6 h3 53. Ng4 Kd6 54. Be4 h2 55. Nxh2 Rxh2 56. Kf6 Re2 57. Bc6 Kc5 58. Kf5 Kd4 59. Kg4 Re3 60. Kf5 e4 {[%emt 0:00:48] Ke5+} 0-1

[Event "46th GRE-chT Premier 2018"]
[Site "Rio Achaia"]
[Date "2018.07.11"]
[Round "2"]
[White "Michna, Marta"]
[Black "Zawadzka, Jolanta"]
[Result "1/2-1/2"]
[ECO "D05"]
[WhiteElo "2322"]
[BlackElo "2439"]
[Annotator "NA"]
[PlyCount "66"]
[EventDate "2018.07.10"]
[EventType "team-tourn"]
[EventCountry "GRE"]
[SourceTitle "playchess.com"]
[Source "ChessBase"]
[SourceQuality "1"]
[TimeControl "40/5400+30:1800+30"]

1. d4 d5 2. Nf3 Nf6 3. e3 c5 4. Nbd2 e6 5. b3 Nc6 6. Bb2 Bd6 7. a3 O-O 8. Bd3 b6 9. Ne5 Bb7 10. O-O Rc8 $11 11. f4 Ne7 12. Qf3 Nf5 13. g4 Nh4 14. Qh3 Ne4 15. Rad1 Qe7 16. dxc5 Bxc5 17. b4 Bd6 18. Bd4 Bc7 19. Nd7 Qxd7 20. Qxh4 Bd8 21. Qh3 Qe7 22. c4 f5 23. cxd5 Bxd5 24. gxf5 exf5 25. Bxe4 Bxe4 26. Nxe4 Qxe4 27. Qg2 Qxg2+ 28. Kxg2 Bf6 29. Bxf6 Rxf6 30. Rc1 Re8 31. Rc3 Rfe6 32. Kf3 Rh6 33. Kg3 Rg6+ 1/2-1/2

[Event "46th GRE-chT Premier 2018"]
[Site "Rio Achaia"]
[Date "2018.07.11"]
[Round "2"]
[White "Kouskoutis, Georgios-Alexandros"]
[Black "Korniotis, Filippos"]
[Result "1-0"]
[ECO "A15"]
[WhiteElo "2307"]
[BlackElo "2163"]
[Annotator "NA"]
[PlyCount "99"]
[EventDate "2018.07.10"]
[EventType "team-tourn"]
[EventCountry "GRE"]
[SourceTitle "playchess.com"]
[Source "ChessBase"]
[SourceQuality "1"]
[TimeControl "40/5400+30:1800+30"]

1. c4 Nf6 2. g3 g6 3. Bg2 d5 4. cxd5 Nxd5 5. Nf3 Bg7 6. O-O Nc6 7. Nc3 O-O 8. d4 Nb6 9. e3 Nb4 10. Re1 c6 11. e4 Bg4 12. Be3 e5 13. d5 Re8 14. a3 Na6 15. h3 Bxf3 16. Qxf3 cxd5 17. Bxb6 dxe4 18. Qxf7+ Kxf7 19. Bxd8 Rexd8 20. Nxe4 h6 21. Rac1 Rd7 22. Red1 Rad8 23. Rxd7+ Rxd7 24. b4 Bf8 25. Rc8 Nc7 26. h4 Nb5 27. a4 Nd6 28. Nxd6+ Bxd6 29. b5 b6 30. Bd5+ Kf6 31. Bc6 Re7 32. Rd8 Bc5 33. Be4 Kg7 34. Kg2 Rf7 35. f3 Rf8 36. Rd5 Bd4 37. Kf1 Rf7 38. Ke2 Bc3 39. g4 h5 40. g5 Rf4 41. Rd7+ Kf8 42. Bxg6 e4 43. Bxe4 Rxh4 44. Rxa7 Rh2+ 45. Kd3 Be5 46. Rb7 Ra2 47. Rxb6 Ra3+ 48. Kc4 Rxa4+ 49. Kd5 Bf4 50. Rf6+ 1-0

[Event "46th GRE-chT Premier 2018"]
[Site "Rio Achaia"]
[Date "2018.07.11"]
[Round "2"]
[White "Argiroudis, Stamatis"]
[Black "Kourousis, Epaminondas"]
[Result "1/2-1/2"]
[ECO "A46"]
[WhiteElo "2306"]
[BlackElo "2399"]
[Annotator "NA"]
[PlyCount "145"]
[EventDate "2018.07.10"]
[EventType "team-tourn"]
[EventCountry "GRE"]
[SourceTitle "playchess.com"]
[Source "ChessBase"]
[SourceQuality "1"]
[TimeControl "40/5400+30:1800+30"]

1. d4 Nf6 2. Nf3 e6 3. g3 b6 4. Bg2 Bb7 5. O-O g6 {[%emt 0:00:25] A47: Damenindisch (ohne c2-c4)} (5... c5 6. dxc5 Bxc5 7. c4 d5 8. Nh4 Qc8 9. cxd5 Bxd5 10. Bxd5 Nxd5 11. e4 Ne7 12. b4 Bxb4 13. Qd4 Qc5 14. Qxg7 {½-½ (62) Naiditsch,A (2702)-Akobian,V (2633) Caleta 2017}) 6. Bg5 Bg7 7. Nbd2 $146 ({Vorgänger:} 7. Re1 h6 8. Bc1 O-O 9. Nbd2 d5 10. Ne5 c5 11. e3 Nc6 12. f4 cxd4 13. Nxc6 Bxc6 14. exd4 {0-1 (68) Van Eetvelde,W (2102)-Dragun,K (2580) Maastricht 2015}) 7... h6 8. Bxf6 Qxf6 9. c3 O-O 10. a4 a6 11. Ne5 Bxg2 12. Kxg2 d6 13. Nd3 Qe7 14. Qb3 Nc6 15. e4 Na5 16. Qb4 Rab8 17. Nf3 c5 18. dxc5 dxc5 19. Qa3 Rfd8 20. Nf4 Qb7 21. Rfe1 Rd7 22. h4 Rbd8 23. b4 cxb4 24. Qxb4 Rc8 25. Rac1 Rc4 26. Qb1 Rxa4 27. Red1 b5 28. Rxd7 Qxd7 29. Rd1 Qc7 30. Qd3 Nc6 31. e5 Nxe5 32. Nxe5 Qxe5 33. Qd8+ Bf8 34. Qe8 Ra2 35. Nh3 Qxc3 36. Rd8 Qg7 37. Nf4 b4 38. Rb8 Ra5 39. Rb7 Qf6 40. Rb8 Qg7 41. Rb7 Rb5 42. Rd7 Re5 43. Rb7 a5 44. Rb8 Rf5 45. Nd3 g5 46. h5 Rd5 47. Nb2 g4 48. Nc4 Rxh5 49. Nb6 Rd5 50. Nxd5 exd5 51. Qd8 d4 52. Qd7 h5 53. Qb5 Qh6 54. Rb6 Qg7 55. Qxa5 h4 56. gxh4 g3 57. fxg3 Qg4 58. Qg5+ Qxg5 59. hxg5 Kg7 60. Kf3 Be7 61. Ke4 Bxg5 62. Rxb4 Be3 63. Rb6 Kh7 64. Rd6 Kg7 65. Kf5 Kh7 $2 (65... d3 $18 66. Rxd3 Bf2) 66. g4 Bh6 67. Rxd4 Bg7 68. Rd7 Kg8 69. g5 Bb2 70. Rb7 Bc3 $11 71. Rb8+ Kg7 72. Rc8 Bb2 73. Ke4 1/2-1/2

[Event "46th GRE-chT Premier 2018"]
[Site "Rio Achaia"]
[Date "2018.07.11"]
[Round "2"]
[White "Antova, Gabriela"]
[Black "Fragkou, Eleni"]
[Result "0-1"]
[ECO "E91"]
[WhiteElo "2301"]
[BlackElo "1979"]
[Annotator "NA"]
[PlyCount "56"]
[EventDate "2018.07.10"]
[EventType "team-tourn"]
[EventCountry "GRE"]
[SourceTitle "playchess.com"]
[Source "ChessBase"]
[SourceQuality "1"]
[TimeControl "40/5400+30:1800+30"]

1. d4 Nf6 2. c4 g6 3. Nc3 Bg7 4. e4 d6 5. Nf3 O-O 6. Be2 Bg4 7. O-O Nfd7 8. Be3 Nc6 9. Rc1 e5 10. d5 Bxf3 11. Bxf3 Nd4 12. b4 f5 13. Bxd4 exd4 14. Nb5 fxe4 15. Bxe4 Qh4 16. Qc2 Ne5 17. h3 d3 18. Bxd3 Nf3+ 19. Kh1 Ng5 20. f4 Nxh3 21. gxh3 Qxh3+ 22. Qh2 Qxd3 23. Qg2 Rae8 24. Nxc7 Re2 25. Qf3 Re3 26. Qg4 Qe4+ 27. Qg2 Rh3+ 28. Kg1 Bd4+ 0-1

[Event "46th GRE-chT Premier 2018"]
[Site "Rio Achaia"]
[Date "2018.07.11"]
[Round "2"]
[White "Vlahos, Kiriakos"]
[Black "Gkogkas, Dimitrios"]
[Result "1/2-1/2"]
[ECO "A69"]
[WhiteElo "2293"]
[BlackElo "2038"]
[Annotator "NA"]
[PlyCount "109"]
[EventDate "2018.07.10"]
[EventType "team-tourn"]
[EventCountry "GRE"]
[SourceTitle "playchess.com"]
[Source "ChessBase"]
[SourceQuality "1"]
[TimeControl "40/5400+30:1800+30"]

1. c4 g6 2. Nc3 Bg7 3. d4 Nf6 4. e4 O-O 5. f4 d6 6. Nf3 c5 7. d5 e6 8. Be2 exd5 9. cxd5 Re8 10. e5 dxe5 11. fxe5 Ng4 12. Bg5 f6 13. exf6 Bxf6 14. Qd2 Bf5 15. h3 Bxg5 16. Qxg5 Qxg5 17. Nxg5 Ne5 18. O-O-O c4 19. Nge4 Rd8 20. Rhe1 Na6 21. Bf1 Nb4 22. Nf6+ Kg7 23. Nh5+ gxh5 24. Rxe5 Rf8 25. Re7+ Rf7 26. Rxf7+ Kxf7 27. Bxc4 Rc8 28. Rd4 Kf6 29. a3 Ke5 30. Rh4 b5 31. Rxh5 Rxc4 32. g4 Na2+ 33. Kd2 Rd4+ 34. Ke1 Nxc3 35. Rxf5+ Kd6 36. bxc3 Rd3 37. Rh5 Rxc3 38. Kd2 Rxa3 39. Rxh7 a5 40. g5 Rg3 41. h4 a4 42. Rb7 Rh3 43. Rxb5 Rxh4 44. Ke3 Rg4 45. g6 Ke5 46. d6+ Kxd6 47. Kf3 Rg1 48. Kf2 Rg4 49. Kf3 Rg1 50. Kf2 Rg4 51. Kf3 Rg1 52. Kf4 Ke7 53. Kf5 Kf8 54. Ra5 Rf1+ 55. Ke4 1/2-1/2

[Event "46th GRE-chT Premier 2018"]
[Site "Rio Achaia"]
[Date "2018.07.11"]
[Round "2"]
[White "Patrelakis, Evaggelos"]
[Black "Spyropoulos, Nikolaos"]
[Result "1-0"]
[ECO "B03"]
[WhiteElo "2285"]
[BlackElo "2293"]
[Annotator "NA"]
[PlyCount "73"]
[EventDate "2018.07.10"]
[EventType "team-tourn"]
[EventCountry "GRE"]
[SourceTitle "playchess.com"]
[Source "ChessBase"]
[SourceQuality "1"]
[TimeControl "40/5400+30:1800+30"]

1. e4 Nf6 2. e5 Nd5 3. d4 d6 4. c4 Nb6 5. exd6 cxd6 6. Nc3 g6 7. Bd3 Bg7 8. Nge2 O-O 9. Be3 Nc6 10. b3 d5 11. c5 Nd7 12. Rc1 e5 13. dxe5 Ndxe5 14. Bb5 Ng4 15. Qxd5 Nxe3 16. fxe3 Qh4+ 17. Ng3 Qe7 18. Nce4 Rd8 19. Qg5 Qxg5 20. Nxg5 Bh6 21. h4 f6 22. N5e4 Bxe3 23. Rd1 Rxd1+ 24. Kxd1 f5 25. Re1 Bf4 26. Nd6 Bd7 27. Ne2 Be3 28. Nxb7 Rb8 29. Nc3 Bd4 30. Nd5 Kf8 31. Nd6 Bxc5 32. Nf6 Rd8 33. Nb7 Be6+ 34. Nxd8 Nxd8 35. Nxh7+ Kg7 36. Ng5 Bd5 37. Re5 1-0

[Event "46th GRE-chT Premier 2018"]
[Site "Rio Achaia"]
[Date "2018.07.11"]
[Round "2"]
[White "Drakoulakos, Grigorios"]
[Black "Tsanas, Athanasios"]
[Result "1-0"]
[ECO "B92"]
[WhiteElo "2276"]
[BlackElo "2302"]
[Annotator "NA"]
[PlyCount "65"]
[EventDate "2018.07.10"]
[EventType "team-tourn"]
[EventCountry "GRE"]
[SourceTitle "playchess.com"]
[Source "ChessBase"]
[SourceQuality "1"]
[TimeControl "40/5400+30:1800+30"]

1. e4 c5 2. Nf3 d6 3. d4 cxd4 4. Nxd4 Nf6 5. Nc3 a6 6. Be2 e5 7. Nb3 Be7 8. Be3 Be6 9. Nd5 Nbd7 10. Qd3 Bxd5 11. exd5 O-O 12. c4 Nc5 13. Nxc5 dxc5 14. O-O Qc7 15. Rab1 a5 16. a3 e4 17. Qc2 Bd6 18. h3 Rae8 19. Rfc1 Nd7 20. b4 axb4 21. axb4 f5 22. bxc5 Nxc5 23. Bd4 Be5 24. Qb2 f4 25. Bxe5 Rxe5 26. Qd4 Qd6 27. Rb5 b6 28. Rcb1 Nd7 29. Bg4 Rfe8 30. Bxd7 Qxd7 31. Rxb6 Rg5 32. Rb8 f3 33. Qxe4 1-0

[Event "46th GRE-chT Premier 2018"]
[Site "Rio Achaia"]
[Date "2018.07.11"]
[Round "2"]
[White "Vafiadis, Kleanthis"]
[Black "Pappas, Apostolos"]
[Result "1-0"]
[ECO "B07"]
[WhiteElo "2275"]
[BlackElo "2034"]
[Annotator "NA"]
[PlyCount "85"]
[EventDate "2018.07.10"]
[EventType "team-tourn"]
[EventCountry "GRE"]
[SourceTitle "playchess.com"]
[Source "ChessBase"]
[SourceQuality "1"]
[TimeControl "40/5400+30:1800+30"]

1. d4 d6 2. e4 Nf6 3. Nc3 g6 4. Bg5 Bg7 5. e5 Nfd7 6. Nf3 O-O 7. Qe2 f6 8. exf6 exf6 9. Be3 c6 10. Qd2 d5 11. h4 Re8 12. h5 g5 13. h6 Bf8 14. O-O-O Be7 15. Bd3 Nf8 16. Ne2 Na6 17. c3 b5 18. Ng3 b4 19. c4 Bd6 20. Nh5 b3 21. a3 Rb8 22. c5 Bc7 23. Nxg5 Rxe3 24. Bxh7+ Nxh7 25. Nxh7 Kxh7 26. Qxe3 Bf5 27. g4 Bg6 28. Rde1 Rb7 29. Qe7+ Qxe7 30. Rxe7+ Kh8 31. Rhe1 Bxh5 32. gxh5 Bf4+ 33. Kd1 Rxe7 34. Rxe7 Nc7 35. a4 a5 36. Ke2 Na6 37. Ra7 Nb4 38. Rxa5 Bc1 39. Ra8+ Kh7 40. Rb8 Nc2 41. Kd1 Bf4 42. Rb7+ Kxh6 43. a5 1-0

[Event "46th GRE-chT Premier 2018"]
[Site "Rio Achaia"]
[Date "2018.07.11"]
[Round "2"]
[White "Poulopoulos, Ioannis"]
[Black "Hadzimanolis, Antonios"]
[Result "1/2-1/2"]
[ECO "A34"]
[WhiteElo "2268"]
[BlackElo "2246"]
[Annotator "NA"]
[PlyCount "87"]
[EventDate "2018.07.10"]
[EventType "team-tourn"]
[EventCountry "GRE"]
[SourceTitle "playchess.com"]
[Source "ChessBase"]
[SourceQuality "1"]
[TimeControl "40/5400+30:1800+30"]

1. c4 Nf6 2. Nc3 c5 3. g3 g6 4. Bg2 Bg7 5. e3 O-O 6. Nge2 d6 7. O-O Nc6 8. b3 Bf5 9. d4 cxd4 10. Nxd4 Nxd4 11. exd4 Qd7 $14 12. Bb2 Bh3 13. Ne2 Bxg2 14. Kxg2 d5 15. c5 h5 16. h4 Ng4 17. Nf4 Rac8 18. Re1 Nh6 19. Nd3 Nf5 20. Ne5 Bxe5 21. Rxe5 f6 22. Re1 Kf7 23. a4 Rh8 24. Bc1 b6 25. b4 a5 26. cxb6 Rc4 27. bxa5 Rxd4 28. Qb3 Qb7 29. Bb2 Rc4 30. Rad1 Ra8 31. Qb5 e6 32. Ba3 d4+ 33. Kg1 Rc3 34. Rd3 Rxd3 35. Qxd3 Rxa5 36. Qb3 Rd5 37. Qb4 Rd6 38. a5 d3 39. Rd1 Qf3 40. Rd2 Nxg3 41. fxg3 Qxg3+ 42. Kf1 Qf3+ 43. Kg1 Qg3+ 44. Kf1 1/2-1/2

[Event "46th GRE-chT Premier 2018"]
[Site "Rio Achaia"]
[Date "2018.07.11"]
[Round "2"]
[White "Ratsma, Rosa"]
[Black "Petraki, Maria"]
[Result "1-0"]
[ECO "B90"]
[WhiteElo "2265"]
[BlackElo "1962"]
[Annotator "NA"]
[PlyCount "71"]
[EventDate "2018.07.10"]
[EventType "team-tourn"]
[EventCountry "GRE"]
[SourceTitle "playchess.com"]
[Source "ChessBase"]
[SourceQuality "1"]
[TimeControl "40/5400+30:1800+30"]

1. e4 c5 2. Nf3 d6 3. d4 cxd4 4. Nxd4 Nf6 5. Nc3 a6 6. h3 e5 7. Nde2 h5 8. g3 Qc7 9. Bg5 Nbd7 10. Bg2 b6 11. Nd5 Nxd5 12. exd5 g6 13. Qd2 Bg7 14. Rc1 f6 15. Be3 a5 16. f4 O-O 17. O-O Ba6 18. c4 Rae8 19. f5 Nc5 20. g4 hxg4 21. hxg4 g5 22. b3 Kf7 23. Ng3 Rh8 24. Nh5 Bh6 25. Rf3 Rh7 26. Rh3 Reh8 27. Kf2 b5 28. cxb5 Bxb5 29. Bxc5 dxc5 30. d6 Qb6 31. Qd5+ Kf8 32. Qxc5 Qxc5+ 33. Rxc5 Bd7 34. Rxa5 Bxf5 35. gxf5 g4 36. Ra8+ 1-0

[Event "46th GRE-chT Premier 2018"]
[Site "Rio Achaia"]
[Date "2018.07.11"]
[Round "2"]
[White "Avramidou, Anastasia"]
[Black "Salahidou, Reveka"]
[Result "1-0"]
[ECO "E61"]
[WhiteElo "2262"]
[BlackElo "1955"]
[Annotator "NA"]
[PlyCount "65"]
[EventDate "2018.07.10"]
[EventType "team-tourn"]
[EventCountry "GRE"]
[SourceTitle "playchess.com"]
[Source "ChessBase"]
[SourceQuality "1"]
[TimeControl "40/5400+30:1800+30"]

1. d4 Nf6 2. c4 g6 3. Nc3 c5 4. d5 d6 $14 {[%emt 0:00:00] LiveBook: 1908 Partien} 5. e4 Bg7 6. Bd3 O-O 7. Nge2 e6 8. Bg5 h6 9. Bh4 Re8 10. O-O exd5 11. exd5 Nbd7 12. f4 a6 13. a4 Qc7 14. Qd2 Nf8 15. Rae1 Bd7 16. Bxf6 Bxf6 17. f5 Bg5 18. Qc2 Kg7 19. Ng3 Be3+ 20. Kh1 Bd4 21. f6+ Kg8 22. Re4 Rxe4 23. Ncxe4 Be5 24. Qd2 Kh7 25. Ng5+ hxg5 26. Qxg5 Re8 27. Ne4 Bg4 28. Qxg4 Nd7 29. Ng5+ Kg8 30. Nxf7 Nxf6 31. Qxg6+ Kf8 32. Ng5 Ke7 33. Ne6 1-0

[Event "46th GRE-chT Premier 2018"]
[Site "Rio Achaia"]
[Date "2018.07.11"]
[Round "2"]
[White "Balokas, Dimitrios"]
[Black "Tsakiris, Haralambos"]
[Result "1/2-1/2"]
[ECO "A05"]
[WhiteElo "2259"]
[BlackElo "2222"]
[Annotator "NA"]
[PlyCount "26"]
[EventDate "2018.07.10"]
[EventType "team-tourn"]
[EventCountry "GRE"]
[SourceTitle "playchess.com"]
[Source "ChessBase"]
[SourceQuality "1"]
[TimeControl "40/5400+30:1800+30"]

1. Nf3 Nf6 2. c4 e6 3. g3 d5 4. d4 Bb4+ 5. Bd2 Be7 6. Bg2 O-O 7. Qc2 c6 8. O-O Nbd7 9. Rd1 b6 10. Bf4 Nh5 11. Bc1 Nhf6 12. Bf4 Nh5 13. Bc1 Nhf6 1/2-1/2

[Event "46th GRE-chT Premier 2018"]
[Site "Rio Achaia"]
[Date "2018.07.11"]
[Round "2"]
[White "Alexiadis, Hristos"]
[Black "Petrakis, Stylianos"]
[Result "1-0"]
[ECO "A48"]
[WhiteElo "2244"]
[BlackElo "2024"]
[Annotator "NA"]
[PlyCount "81"]
[EventDate "2018.07.10"]
[EventType "team-tourn"]
[EventCountry "GRE"]
[SourceTitle "playchess.com"]
[Source "ChessBase"]
[SourceQuality "1"]
[TimeControl "40/5400+30:1800+30"]

1. d4 Nf6 2. Nf3 g6 3. Bg5 Bg7 4. Nbd2 d6 5. c3 O-O 6. e4 Nbd7 7. Be2 c5 8. O-O b6 9. Re1 Bb7 10. Bf1 h6 11. Bh4 g5 12. Bg3 Nh5 13. a4 Nxg3 14. hxg3 Qc7 15. Bd3 e6 16. Qe2 Rae8 17. Rac1 f6 18. Bb1 Re7 19. Qd3 Rd8 20. d5 e5 21. c4 h5 22. Nf1 Bc8 23. Ne3 Nf8 24. Bc2 Bh8 25. a5 Rh7 26. Ra1 Ng6 27. Nf5 h4 28. axb6 axb6 29. Nh2 hxg3 30. fxg3 Bxf5 31. exf5 Nf8 32. Ng4 Nd7 33. Ba4 Nb8 34. Bb5 Qf7 35. Qe4 Bg7 36. Kf2 Rc8 37. Ra8 Qb7 38. Rea1 Bh8 39. Qe1 Nd7 40. R8a7 Qb8 41. Bxd7 1-0

[Event "46th GRE-chT Premier 2018"]
[Site "Rio Achaia"]
[Date "2018.07.11"]
[Round "2"]
[White "Michelakos, Panagiotis"]
[Black "Tassopoulos, Marios"]
[Result "1/2-1/2"]
[ECO "D35"]
[WhiteElo "2244"]
[BlackElo "2134"]
[Annotator "NA"]
[PlyCount "156"]
[EventDate "2018.07.10"]
[EventType "team-tourn"]
[EventCountry "GRE"]
[SourceTitle "playchess.com"]
[Source "ChessBase"]
[SourceQuality "1"]
[TimeControl "40/5400+30:1800+30"]

1. d4 Nf6 2. c4 e6 3. Nc3 d5 4. cxd5 exd5 5. Bg5 Be7 6. e3 c6 7. Bd3 O-O 8. Qc2 Nbd7 9. Nge2 Re8 10. O-O Nf8 11. f3 Be6 12. Rad1 Rc8 13. e4 dxe4 14. fxe4 Ng4 15. Bxe7 Qxe7 16. Qd2 c5 17. d5 Bd7 18. h3 Ne5 19. Ng3 c4 20. Bc2 Qd6 21. Nf5 Bxf5 22. exf5 f6 23. Qd4 Qc5 24. d6 Red8 25. Be4 b5 26. Qxc5 Rxc5 27. Rd5 Rxd5 28. Bxd5+ Kh8 29. Nxb5 a6 30. Na3 Rxd6 31. Bxc4 h5 32. Bb3 Kh7 33. Rf4 Kh6 34. h4 g5 35. fxg6 Nfxg6 36. Nc4 Nxc4 37. Rxc4 Rd2 38. Ra4 Rxb2 39. Rxa6 Nxh4 40. Rxf6+ Kg5 41. Rf2 Rb1+ 42. Kh2 Ra1 43. Rc2 Nf5 44. Rc5 Kf6 45. Rd5 Re1 46. Rd1 Re3 47. Bc2 Rc3 48. Bxf5 Kxf5 49. Rd5+ Kg4 50. Rd4+ Kg5 51. Ra4 h4 52. Ra8 Rd3 53. a4 Kg6 54. a5 Kg7 55. a6 Rd6 56. Kh3 Rg6 57. a7 Ra6 58. Kxh4 Ra1 59. g4 Ra5 60. Kg3 Ra4 61. g5 Ra1 62. Kf4 Ra2 63. Kf5 Ra5+ 64. Kg4 Ra4+ 65. Kh5 Ra5 66. Rb8 Rxa7 67. Rb6 Rc7 68. Rg6+ Kh7 69. Rb6 Kg7 70. Kg4 Rc4+ 71. Kh5 Rc7 72. Rd6 Rb7 73. Rd5 Ra7 74. Rb5 ({Finger weg von} 74. Rd6 $6 Rc7 $16) 74... Rc7 75. g6 Rc1 76. Rb7+ Kg8 77. Kg5 $11 Rg1+ 78. Kf6 Rf1+ 1/2-1/2

[Event "46th GRE-chT Premier 2018"]
[Site "Rio Achaia"]
[Date "2018.07.11"]
[Round "2"]
[White "Georgiou, Kostantinos"]
[Black "Papakonstantinou, Dimitrios"]
[Result "1/2-1/2"]
[ECO "B00"]
[WhiteElo "2242"]
[BlackElo "2336"]
[Annotator "NA"]
[PlyCount "158"]
[EventDate "2018.07.10"]
[EventType "team-tourn"]
[EventCountry "GRE"]
[SourceTitle "playchess.com"]
[Source "ChessBase"]
[SourceQuality "1"]
[TimeControl "40/5400+30:1800+30"]

1. e4 d6 2. Nc3 Nf6 3. b3 g6 4. Bb2 Bg7 5. d4 O-O 6. f3 c5 7. dxc5 Qa5 8. Qd2 Qxc5 9. O-O-O Nc6 10. Kb1 Bd7 11. g4 Rfc8 12. h4 h5 13. g5 Ne8 14. Bh3 Bxh3 15. Rxh3 b5 16. f4 e6 17. f5 gxf5 18. exf5 Qxf5 19. Rf3 Qg6 20. Nxb5 Bxb2 21. Kxb2 Rab8 22. Na3 Ne5 23. Rf2 d5 24. Nh3 Nd6 25. Qd4 Nc6 26. Qf6 Ne4 27. Qxg6+ fxg6 28. Rff1 Ne7 29. Nf4 Rb6 30. c4 Ng3 31. Rf3 Ngf5 32. cxd5 exd5 33. Nxd5 Nxd5 34. Rxd5 Nxh4 35. Rf4 Nf5 36. Nc4 Re6 37. Ne5 Ne3 38. Ra5 Rc7 39. Rf6 Rxf6 40. gxf6 Ng4 41. f7+ Kg7 42. f8=Q+ Kxf8 43. Nxg6+ Kf7 44. Nf4 Nf6 45. Nxh5 Nxh5 46. Rxh5 Ke6 47. b4 Kd6 48. Kb3 Kc6 49. Rh6+ Kb7 50. Ka4 Rg7 51. Ka5 Rg5+ 52. b5 Rg7 53. Re6 Rh7 54. a4 Rg7 55. Re4 Rg1 56. Re7+ Kb8 57. Rd7 Rh1 58. Ka6 Rh6+ 59. Ka5 Rh1 60. Kb4 Rb1+ 61. Kc4 Rc1+ 62. Kb3 Rb1+ 63. Ka2 Rh1 64. Rd4 Rh3 65. Kb2 Kb7 66. Re4 Rg3 67. Re5 Kb6 68. Re6+ Kc7 69. Kc2 Rh3 70. Rf6 Rg3 71. Rc6+ Kb7 72. Rh6 Kc7 73. Kd2 Ra3 74. Rc6+ Kb7 75. Rc4 Kb6 76. Kc2 Ka5 77. Rc7 Rxa4 78. Rxa7+ Kxb5 79. Rxa4 Kxa4 1/2-1/2

[Event "46th GRE-chT Premier 2018"]
[Site "Rio Achaia"]
[Date "2018.07.11"]
[Round "2"]
[White "Alexakis, Dimitris"]
[Black "Triantos, Konstantinos"]
[Result "1-0"]
[ECO "B54"]
[WhiteElo "2232"]
[BlackElo "2078"]
[Annotator "NA"]
[PlyCount "51"]
[EventDate "2018.07.10"]
[EventType "team-tourn"]
[EventCountry "GRE"]
[SourceTitle "playchess.com"]
[Source "ChessBase"]
[SourceQuality "1"]
[TimeControl "40/5400+30:1800+30"]

1. e4 c5 2. Nf3 d6 3. d4 cxd4 4. Nxd4 Nf6 5. f3 e5 6. Nb3 Be7 7. c4 a5 8. Be3 a4 9. Nc1 O-O 10. Nc3 Bd7 11. Be2 Qa5 12. Qd2 Nc6 13. O-O Rfc8 14. Rd1 a3 15. Nb3 Qb4 16. bxa3 Rxa3 17. Nb5 Raa8 18. Nxd6 Bxd6 19. Qxd6 Qxd6 20. Rxd6 Nb4 21. Rd2 Ra3 22. Bf2 Bc6 23. Bc5 Ra4 24. Bd6 Rca8 25. Nc1 Nd7 26. Bd1 1-0

[Event "46th GRE-chT Premier 2018"]
[Site "Rio Achaia"]
[Date "2018.07.11"]
[Round "2"]
[White "Juhasz, Barbara"]
[Black "Paparizou, Eleni"]
[Result "1-0"]
[ECO "B01"]
[WhiteElo "2227"]
[BlackElo "1274"]
[Annotator "NA"]
[PlyCount "23"]
[EventDate "2018.07.10"]
[EventType "team-tourn"]
[EventCountry "GRE"]
[SourceTitle "playchess.com"]
[Source "ChessBase"]
[SourceQuality "1"]
[TimeControl "40/5400+30:1800+30"]

1. e4 d5 2. exd5 Qxd5 3. Nc3 Qa5 4. d4 c6 5. Bc4 $14 {[%emt 0:00:48] LiveBook: 429 Games} Nf6 6. Qe2 Bf5 7. Bd2 e6 8. Nf3 Nbd7 9. d5 Nc5 10. Nd4 cxd5 11. Bb5+ Kd8 12. Nxd5 1-0

[Event "46th GRE-chT Premier 2018"]
[Site "Rio Achaia"]
[Date "2018.07.11"]
[Round "2"]
[White "Roinos, Ilias"]
[Black "Krallis, Christos"]
[Result "0-1"]
[ECO "B27"]
[WhiteElo "2220"]
[BlackElo "2132"]
[Annotator "NA"]
[PlyCount "108"]
[EventDate "2018.07.10"]
[EventType "team-tourn"]
[EventCountry "GRE"]
[SourceTitle "playchess.com"]
[Source "ChessBase"]
[SourceQuality "1"]
[TimeControl "40/5400+30:1800+30"]

1. e4 c5 2. Nf3 g6 3. c3 Bg7 4. d4 cxd4 5. cxd4 d5 6. exd5 Nf6 7. Nc3 Nxd5 8. Bb5+ Bd7 9. Qb3 Nxc3 10. bxc3 O-O 11. O-O Nc6 12. Bg5 h6 13. Bh4 Be6 14. Qa3 g5 15. Bg3 Bd5 16. Rfe1 Rc8 17. Rac1 Re8 18. Ne5 Bxg2 19. Bxc6 Bxc6 20. Nxc6 Rxc6 21. Qxa7 Qc8 22. Rb1 h5 23. Qxb7 h4 24. d5 hxg3 25. Qxc6 gxf2+ 26. Kxf2 Qf5+ 27. Kg2 Rc8 28. Qb5 Qg4+ 29. Kh1 Qf3+ 30. Kg1 Rxc3 31. Rbd1 Rc2 32. Qb8+ Bf8 33. Qg3 Qh5 34. Rd3 Rxa2 35. h4 g4 36. Re4 f5 37. Re6 Ra1+ 38. Kg2 Ra2+ 39. Kg1 Ra1+ 40. Kg2 Ra4 41. Qe1 Ra2+ 42. Kg1 Qh8 43. Re5 Qf6 44. Rd1 Qb6+ 45. Kh1 Qb2 46. Qg3 Ra3 47. Re3 Ra2 48. Rde1 Qf6 49. Re6 Qd4 50. R6e5 Rf2 51. Qe3 Qb2 52. Qg3 Rf3 53. Qg2 Rh3+ 54. Kg1 Qd4+ 0-1